 Dungeon Crawl Stone Soup version 0.22-a0-538-g76cc104 (webtiles) character file.

25 grizmgrazm2 the Charmwright (level 3, -2/28 HPs)
             Began as a Merfolk Skald on June 23, 2018.
             Slain by a gnoll
             ... wielding a +0 club
              (5 damage)
             ... on level 1 of the Dungeon.
             The game lasted 00:03:43 (751 turns).

grizmgrazm2 the Charmwright (Merfolk Skald)          Turns: 751, Time: 00:03:44

Health: -2/28      AC:  5    Str: 11    XL:     3   Next: 4%
Magic:  4/6        EV: 13    Int: 13    God:
Gold:   77         SH:  0    Dex: 13    Spells: 3/6 levels left

rFire    . . .     SeeInvis .   a - +0 spear
rCold    . . .     Gourm    .   (no shield)
rNeg     . . .     Faith    .   g - +0 steam dragon scales
rPois    .         Spirit   .   (no helmet)
rElec    .         Reflect  .   (no cloak)
rCorr    .         Harm     .   (no gloves)
MR       .....                  (no boots)
Stlth    +.........             (no amulet)
HPRegen  0.09/turn              h - ring of wizardry
MPRegen  0.10/turn              (no ring)

@: infused
A: change form in water, swift swim, stealthy swim
a: no special abilities


You were on level 1 of the Dungeon.
You were not hungry.

You visited 1 branch of the dungeon, and saw 2 of its levels.

You collected 77 gold pieces.

Inventory:

Hand Weapons
 a - a +0 spear (weapon)
Armour
 g - +0 steam dragon scales (worn)
Jewellery
 h - a ring of wizardry (left hand)
Scrolls
 e - 2 scrolls of teleportation
Potions
 c - 2 potions of haste
 f - a potion of curing {unknown}
 i - a potion of magic {unknown}
 j - a potion of flight {unknown}
Comestibles
 b - 2 chunks of flesh
 d - a ration


   Skills:
 + Level 2.4 Fighting
 + Level 3.6 Polearms
 + Level 0.6 Armour
 + Level 3.0 Dodging
 + Level 2.2 Spellcasting
 + Level 3.7 Charms


You had 3 spell levels left.
You knew the following spells:

 Your Spells              Type           Power        Failure   Level  Hunger
a - Infusion              Chrm           ##..         2%          1    ##.....
b - Shroud of Golubria    Chrm/Tloc      #.........   8%          2    ###....

Your spell library contained the following spells:

 Spells                   Type           Power        Failure   Level  Hunger
 Regeneration             Chrm/Necr      #.........   14%         3    ####...
 Song of Slaying          Chrm           ##......     3%          2    ###....
 Spectral Weapon          Hex/Chrm       #.......     14%         3    ####...


Dungeon Overview and Level Annotations

Branches:
Dungeon (2/15)

Altars:


Message History

The gnoll is severely wounded.
You closely miss the gnoll.
The gnoll is severely wounded.
The gnoll hits you with a club.
You completely miss the gnoll.
The gnoll is severely wounded.
The gnoll hits you with a club.
You closely miss the gnoll.
The gnoll is severely wounded.
The gnoll hits you with a club.
Casting: Shroud of Golubria (safe; 8% risk of failure)
Confirm with . or Enter, or press ? or * to list all spells.
You begin infusing your attacks with magical energy.
The gnoll hits you with a club!
* * * LOW HITPOINT WARNING * * *
You are too injured to fight recklessly!
You hit the gnoll.
The gnoll is almost dead.
The gnoll hits you with a club.
You die...

################################
#...............g.........#.....
#..............@..........#.....
#.........................#.....
#####...................###.....
###..............#......# #.....
#................#......# #.....
##................#......###.....
#.........#.#............##....†)
#.......#.#.......#...#.###...(..
#.......#.........#...#.# #......


You could see a gnoll.

Vanquished Creatures
  An adder (D:2)
  A worm (D:2)
  A dart slug (D:2)
  A ball python (D:1)
  2 giant cockroaches (D:1)
  2 goblins
  A bat (D:1)
  2 frilled lizards (D:1)
  2 kobolds
13 creatures vanquished.

Notes
Turn   | Place    | Note
-------+----------+-------------------------------------------
     0 | D:1      | grizmgrazm2 the Merfolk Skald began the quest for the Orb.
     0 | D:1      | Reached XP level 1. HP: 16/16 MP: 3/3
   320 | D:1      | Reached XP level 2. HP: 21/22 MP: 5/5
   596 | D:2      | Learned a level 2 spell: Shroud of Golubria
   708 | D:2      | Reached XP level 3. HP: 28/28 MP: 4/6
   751 | D:1      | Slain by a gnoll

Vault maps used:
D:1:      tarquinn_simple_flora_water_f

Skill      XL: |  1 |
---------------+----+-----
Dodging        | 3 |  3.0
Fighting       | |  2.4
Polearms       | |  3.6
Armour         | |  0.6
Spellcasting   | |  2.2
Charms         | |  3.7

Action                   || total
-------------------------++-------
Melee: Spear             ||    54
 Cast: Infusion          ||     6
       Shroud of Golubri ||     1
  Use: Scroll            ||     5
Armor: Steam dragon scal ||     9
Dodge: Dodged            ||    21

Table legend:
 A = Spawn XP
 B = Non-spawn XP
 C = Spawn XP percentage of total XP
 D = Spawn monster count
 E = Non-spawn monster count
 F = Spawn count percentage of total count
 G = Total turns spent on level
                    A         B        C        D         E        F      G
               +---------+---------+-------+---------+---------+-------+---------
         Total |       0 |      36 |   0.0 |       0 |      13 |   0.0 |   751
               +---------+---------+-------+---------+---------+-------+---------
           D:1 |       0 |      12 |   0.0 |       0 |       8 |   0.0 |   568
           D:2 |       0 |      24 |   0.0 |       0 |       5 |   0.0 |   183
               +---------+---------+-------+---------+---------+-------+---------
